 Dungeon Crawl Stone Soup version 0.21.1-1-g345015fe64 (webtiles) character file.

1223 Naow the Chopper (level 8, 0/64 HPs)
             Began as a Formicid Fighter on June 9, 2018.
             Was an Initiate of Okawaru.
             Slain by a killer bee (5 damage)
             ... on level 8 of the Dungeon.
             The game lasted 00:07:20 (4253 turns).

Naow the Chopper (Formicid Fighter)                 Turns: 4253, Time: 00:07:21

Health: 0/64       AC:  6    Str: 23    XL:     8   Next: 76%
Magic:  8/8        EV: 14    Int:  8    God:    Okawaru [......]
Gold:   353        SH: 11    Dex: 15    Spells: 7/7 levels left

rFire    . . .     SeeInvis +   a - +0 war axe
rCold    . . .     Gourm    .   c - +0 shield
rNeg     . . .     Faith    .   b - +0 scale mail
rPois    .         Spirit   .   (helmet unavailable)
rElec    .         Reflect  .   (no cloak)
rCorr    .         Harm     .   (no gloves)
MR       .....                  (no boots)
Stlth    +.........             (no amulet)
HPRegen  0.20/turn              (no ring)
MPRegen  0.11/turn              (no ring)

@: agile, lethally poisoned (0 -> -9)
A: permanent stasis, dig shafts and tunnels, four strong arms, antennae 3
a: Dig, Shaft Self, Renounce Religion


You were on level 8 of the Dungeon.
You worshipped Okawaru.
Okawaru was noncommittal.
You were hungry.

You visited 2 branches of the dungeon, and saw 9 of its levels.
You also visited: Sewer.

You collected 353 gold pieces.

Inventory:

Hand Weapons
 a - a +0 war axe (weapon)
 s - a +2 whip of flaming
Armour
 b - a +0 scale mail (worn)
 c - a +0 shield (worn)
Jewellery
 y - an uncursed ring of flight {unknown}
Wands
 u - a wand of digging (14)
Scrolls
 e - 2 scrolls of teleportation {unknown}
 g - 4 scrolls of identify {unknown}
 k - a scroll of noise {unknown}
 l - a scroll of remove curse {unknown}
 n - a scroll of enchant weapon {unknown}
 p - a scroll of magic mapping {unknown}
 r - a scroll of enchant armour {unknown}
 t - 2 scrolls of amnesia {unknown}
 A - a scroll of random uselessness {unknown}
Potions
 d - 3 potions of might
 m - a potion of cancellation {unknown}
 o - a potion of degeneration {unknown}
 v - a potion of flight {unknown}
 w - a potion of mutation {unknown}
 z - a potion of magic {unknown}
Books
 q - a book of Conjurations

   Spells                             Type                      Level
   a - Magic Dart                     Conjuration                  1
   b - Searing Ray                    Conjuration                  2
   c - Dazzling Spray                 Conjuration/Hexes            3
   d - Fulminant Prism                Conjuration/Hexes            4
   e - Force Lance                    Conjuration/Translocation    4
   f - Iskenderun's Mystic Blast      Conjuration                  4
 x - a book of Spatial Translocations

   Spells                             Type                      Level
   a - Blink                          Translocation                2
   b - Shroud of Golubria             Charms/Translocation         2
   c - Lesser Beckoning               Translocation                3
   d - Gell's Gravitas                Translocation                3
   e - Teleport Other                 Translocation                3
   f - Passage of Golubria            Translocation                4
Comestibles
 f - 10 rations


   Skills:
 + Level 6.3 Fighting
 * Level 7.2 Axes
 - Level 3.3 Armour
 + Level 6.9 Shields


You had 7 spell levels left.
You didn't know any spells.

Dungeon Overview and Level Annotations

Branches:
Dungeon (8/15)             Temple (1/1) D:4
   Lair: D:8-11

Altars:
Ashenzari
Elyvilon
Fedhas
Gozag
Hepliaklqana
Makhleb
Nemelex Xobeh
Okawaru
Qazlal
Ru
Sif Muna
Trog
Uskayaw
Vehumet
Wu Jian
Xom
Zin


Innate Abilities, Weirdness & Mutations

You cannot be hasted, slowed, berserked, paralysed or teleported.
You can dig through walls and to a lower floor.
Your four strong arms can wield two-handed weapons with a shield.
You have a pair of large antennae on your head. (SInv)


Message History

You feel sick. You block the killer bee's attack.
The killer bee closely misses you.
You closely miss the killer bee.
You feel sick.
The killer bee stings you but does no damage.
The killer bee stings you.
* * * LOW HITPOINT WARNING * * *
The killer bee stings you.
* * * LOW HITPOINT WARNING * * *
You miss the killer bee. You block the killer bee's attack.
The killer bee stings you.
* * * LOW HITPOINT WARNING * * *
You are lethally poisoned!
The killer bee poisons you!
It was a potion of agility.
You feel agile all of a sudden.
* * * LOW HITPOINT WARNING * * *
You feel sick. The killer bee stings you.
* * * LOW HITPOINT WARNING * * *
The killer bee stings you.
You die...

### ..#
#.# . #
#.# {
....#.#@#
#...y.#
#.#...#
......#
#.......#
####....#
#....#
#.##.# #.
#.#


You could see a killer bee.

Vanquished Creatures
  Pikel (D:4)
  2 bullfrogs (Sewer)
  A howler monkey (D:2)
  A crimson imp (D:5)
  A centaur skeleton (D:5)
  7 orc wizards
  An iguana (D:4)
  Terence (D:2)
  3 worker ants
  3 gnolls (D:4)
  6 adders
  An ooze (D:5)
  An adder skeleton (D:5)
  5 worms
  2 dart slugs
  9 leopard geckos
  21 orcs
  7 ball pythons
  9 giant cockroaches
  11 goblins
  7 hobgoblins
  8 jackals
  3 kobolds
  2 quokkas
  8 bats
  9 frilled lizards
  9 rats
139 creatures vanquished.

Vanquished Creatures (others)
  A slave (D:4)
  A scorpion (D:4)
2 creatures vanquished.

Grand Total: 141 creatures vanquished

Notes
Turn   | Place    | Note
-------+----------+-------------------------------------------
     0 | D:1      | Naow the Formicid Fighter began the quest for the Orb.
     0 | D:1      | Reached XP level 1. HP: 18/18 MP: 1/1
    40 | D:1      | Reached XP level 2. HP: 23/24 MP: 2/2
   145 | D:1      | Reached XP level 3. HP: 28/29 MP: 3/3
   368 | D:2      | Noticed Terence
   379 | D:2      | Killed Terence
   379 | D:2      | Reached skill level 3 in Axes
   379 | D:2      | Reached XP level 4. HP: 34/37 MP: 4/4
   698 | D:2      | HP: 1/37 [howler monkey (4)]
   709 | D:2      | Reached XP level 5. HP: 13/42 MP: 5/5
   932 | D:3      | Reached skill level 4 in Axes
  1157 | D:3      | Reached XP level 6. HP: 30/49 MP: 6/6
  1260 | D:3      | Reached skill level 5 in Shields
  1463 | D:4      | Noticed Pikel
  1463 | D:4      | Noticed a slave
  1463 | D:4      | Noticed a slave
  1463 | D:4      | Noticed a slave
  1463 | D:4      | Noticed a slave
  1471 | D:4      | Killed Pikel
  1471 | D:4      | Reached skill level 5 in Fighting
  1471 | D:4      | Reached skill level 6 in Axes
  1471 | D:4      | Reached XP level 7. HP: 15/56 MP: 7/7
  1492 | D:4      | Reached XP level 8. HP: 18/63 MP: 8/8
  1886 | D:4      | Found a staircase to the Ecumenical Temple.
  1947 | Temple   | Entered the Ecumenical Temple
  1992 | Temple   | Became a worshipper of Warmaster Okawaru
  2684 | D:5      | Entered Level 5 of the Dungeon
  2692 | D:5      | Found a glowing drain.
  2713 | Sewer    | Entered a sewer
  3535 | D:5      | Reached skill level 7 in Axes
  4074 | D:5      | Noticed a moth of wrath
  4076 | D:5      | Found a bloodstained altar of Trog.
  4192 | D:6      | Noticed a two-headed ogre
  4216 | D:5      | You fall through a shaft for 2 floors!
  4216 | D:7      | Noticed a two-headed ogre
  4253 | D:8      | Slain by a killer bee

Skill      XL: |  1  2  3  4  5  6  7  8 |
---------------+-------------------------+-----
Shields        | 4 6 |  6.9
Axes           | 3 4 6 7 |  7.2
Fighting       | 4 5 6 |  6.3
Armour         | |  3.3

Action                   |  1- 3 |  4- 6 |  7- 9 || total
-------------------------+-------+-------+-------++-------
Melee: War axe           |    76 |   164 |   227 ||   467
 Abil: Dig               |       |       |     1 ||     1
       Shaft Self        |       |       |     1 ||     1
  Use: Potion            |       |     1 |     3 ||     4
  Eat: Chunk             |       |     2 |     6 ||     8
       Ration            |       |       |     1 ||     1
Armor: Scale mail        |    48 |    57 |    90 ||   195
Dodge: Dodged            |    40 |    65 |    87 ||   192
Block: Shield            |    59 |    97 |   137 ||   293
